 Dungeon Crawl Stone Soup version 0.25-a0-803-g58bd18402a (webtiles) character file.

Game seed: 12304892380197707011, levelgen mode: deterministic

168 Maedhros the Charlatan (level 5, 0/34 HPs)
             Began as an Octopode Artificer on Apr 19, 2020.
             Slain by a river rat (7 damage)
             ... in a sewer.
             The game lasted 00:05:46 (738 turns).

Maedhros the Charlatan (Octopode Artificer)          Turns: 738, Time: 00:05:46

Health: 0/34       AC:  1    Str: 12    XL:     5   Next: 48%
Magic:  8/8        EV: 13    Int: 13    God:
Gold:   59         SH:  4    Dex: 13    Spells: 4/4 levels left

rFire    . . .     SeeInvis .   a - +0 short sword
rCold    . . .     Gourm    .   h - +0 buckler
rNeg     . . .     Faith    .   (helmet restricted)
rPois    .         Spirit   .   (no amulet)
rElec    .         Reflect  .   (no ring)
rCorr    .         Harm     .   (no ring)
MR       .....                  (no ring)
Stlth    +++.......             (no ring)
HPRegen  0.11/turn              (no ring)
MPRegen  0.11/turn              (no ring)
                                (no ring)
                                (no ring)

@: no status effects
A: almost no armour, stealthy swim, amphibious, 8 rings, constrict 8, camouflage
1, gelatinous body 1
a: no special abilities


You were in a sewer.
You were not hungry.

You visited 1 branch of the dungeon, and saw 4 of its levels.
You also visited: Sewer.

You collected 59 gold pieces.

Inventory:

Hand Weapons
 a - a +0 short sword (weapon)
Missiles
 e - 31 poisoned darts (quivered)
Armour
 h - a +0 buckler (worn)
Wands
 b - a wand of flame (10)
 c - a wand of enslavement (11)
 d - a wand of random effects (11)
Scrolls
 g - 2 scrolls of identify {unknown}
 k - a scroll of magic mapping {unknown}
Potions
 i - a potion of flight {unknown}
 j - 2 potions of magic {unknown}
 l - 2 potions of heal wounds {unknown}
Comestibles
 f - 3 rations


   Skills:
 + Level 1.9 Fighting
 - Level 1.0 Short Blades
 + Level 2.6 Dodging
 + Level 3.0 Stealth
 + Level 1.4 Shields
 * Level 2.5 Unarmed Combat
 + Level 4.0 Evocations


You had 4 spell levels left.
You didn't know any spells.
Your spell library was empty.

Dungeon Overview and Level Annotations

Branches:
Dungeon (4/15)              Sewer (1/1)
 Temple: D:4-7

Altars:


Innate Abilities, Weirdness & Mutations

You cannot wear most types of armour.
You are very stealthy in the water. (Stealth+)
You are amphibious.
You can wear up to eight rings at the same time.
You can use your tentacles to constrict eight enemies at once.
Your skin changes colour to match your surroundings (Stealth+).
Your rubbery body absorbs attacks. (AC +1, EV +1)


Message History

You swing at nothing.
A river rat comes into view.
You swing at nothing.
You swing at nothing.
You swing at nothing.
You hit the rat.
You kill the rat!
You swing at nothing.
You swing at nothing.
You swing at nothing.
The river rat twitches its whiskers.
The river rat bites you!
* * * LOW HITPOINT WARNING * * *
You hit the river rat. You grab the river rat.
The river rat is lightly wounded.
You constrict the river rat. The river rat closely misses you.
You hit the river rat.
The river rat is severely wounded.
You constrict the river rat. The river rat bites you!
You die...

≈≈≈≈.....≈≈≈≈≈≈≈≈≈≈≈≈
..≈.....≈≈≈≈≈≈≈≈≈≈≈≈≈
≈.........≈...≈..≈≈≈≈
....................≈
.....................
............##......
#.......## #.rr.
##..##...### #r.
###..#####.r@# #
#∩..## ##### #####


You could see a river rat.

Vanquished Creatures
  A hound (D:4)
  An orc wizard (D:4)
  3 adders
  2 river rats (Sewer)
  2 worms (D:4)
  4 leopard geckos
  4 orcs (D:4)
  A bat (D:1)
  3 giant cockroaches (D:4)
  2 goblins
  4 hobgoblins (D:3)
  A quokka (D:2)
  A ball python (Sewer)
  5 frilled lizards
  12 rats
46 creatures vanquished.

Vanquished Creatures (others)
  A hound (D:4)
1 creature vanquished.

Grand Total: 47 creatures vanquished

Notes
Turn   | Place    | Note
-------+----------+-------------------------------------------
     0 | D:1      | Maedhros the Octopode Artificer began the quest for the
                  | Orb.
     0 | D:1      | Reached XP level 1. HP: 13/13 MP: 3/3
   122 | D:2      | Reached skill level 1 in Unarmed Combat
   122 | D:2      | Reached XP level 2. HP: 10/18 MP: 4/4
   260 | D:3      | Reached XP level 3. HP: 15/23 MP: 5/5
   387 | D:4      | Reached XP level 4. HP: 15/28 MP: 6/6
   410 | D:4      | Reached skill level 1 in Shields
   620 | D:4      | Reached XP level 5. HP: 18/34 MP: 7/7
   649 | D:4      | Found a glowing drain.
   658 | Sewer    | Entered a sewer
   710 | Sewer    | Reached skill level 4 in Evocations
   738 | Sewer    | Slain by a river rat

Levels and vault maps discovered:
D:1:      minmay_arrival_jagged, layout_loops_corners, minivault_24
D:2:      layout_basic, uniq_jessica, uniq_natasha
D:3:      layout_rooms, serial_corexii_hall, corexii_hall_statues_t,
          chequers_hall_statues_wall_a, kennysheep_generic_room_4
D:4:      layout_basic, gup_sewer_entry_bubbles, gammafunk_ghost_necromancy
Sewer:    sewer_minmay_treatment

Skill      XL: |  1  2  3  4  5 |
---------------+----------------+-----
Stealth        | 2 3 |  3.0
Unarmed Combat | 1 2 |  2.5
Shields        | 1 |  1.4
Evocations     | 4 |  4.0
Fighting       | |  1.9
Short Blades   | |  1.0
Dodging        | |  2.6

Action                   |  1- 3 |  4- 6 || total
-------------------------+-------+-------++-------
Melee: Short sword       |    25 |    59 ||    84
       Constrict         |     7 |    18 ||    25
       Tentacles         |     2 |    10 ||    12
       Punch             |     1 |     1 ||     2
Throw: Dart              |     7 |       ||     7
Evoke: Wand              |     5 |     8 ||    13
  Use: Potion            |     2 |       ||     2
 Stab: Sleeping          |     3 |     4 ||     7
Armor: Skin              |     2 |     3 ||     5
Dodge: Dodged            |    10 |    23 ||    33
Block: Buckler           |       |     3 ||     3

Table legend:
 A = Non-vault XP
 B = Vault XP
 C = Vault XP percentage of total XP
 D = Non-vault monster count
 E = Vault monster count
 F = Vault count percentage of total count
                 A         B        C        D         E       F
            +---------+---------+-------+---------+---------+-------
      Total |     156 |      84 |  35.0 |      25 |      22 |  46.8
            +---------+---------+-------+---------+---------+-------
        D:1 |       2 |       0 |   0.0 |       1 |       0 |   0.0
        D:2 |      25 |       0 |   0.0 |       8 |       0 |   0.0
        D:3 |      11 |       1 |   8.3 |       7 |       1 |  12.5
        D:4 |     118 |      34 |  22.4 |       9 |       8 |  47.1
      Sewer |       0 |      49 | 100.0 |       0 |      13 | 100.0
            +---------+---------+-------+---------+---------+-------
